 Dungeon Crawl Stone Soup version 0.30.0-16-gbe6223bb7e (webtiles) character file.

Game seed: 4120339161092063791

1329 NateTC the Fighter (level 8, -2/77 HPs)
             Began as a Minotaur Fighter on May 21, 2023.
             Was a High Priest of Jiyva.
             Slain by a centaur (4 damage)
             ... on level 6 of the Dungeon.
             The game lasted 00:08:10 (3645 turns).

NateTC the Fighter (Minotaur Fighter)               Turns: 3645, Time: 00:08:10

Health: -2/77      AC: 11    Str: 24    XL:     8   Next: 34%
Magic:  7/7        EV:  6    Int:  5    God:    Jiyva [*****.]
Gold:   137        SH:  4    Dex:  9    Spells: 7/7 levels left

rFire   . . .        a - +3 broad axe (heavy)
rCold   . . .        c - +0 buckler
rNeg    . . .        f - +0 plate armour
rPois   .            (helmet restricted)
rElec   .            (no cloak)
rCorr   +            (no gloves)
SInv    .            (no boots)
Will    .....        (no amulet) Stlth
                     (no ring)
HPRegen 1.76/turn    (no ring)
MPRegen 0.55/turn

%: clarity
@: lethally poisoned (-2 -> -3)
A: horns 2, retaliatory headbutt, clarity, translucent skin 3
a: Renounce Religion, Oozemancy, Slimify


You were on level 6 of the Dungeon.
You worshipped Jiyva.
Jiyva was extremely pleased with you.
You visited 1 branch of the dungeon, and saw 6 of its levels.
You also visited: Sewer.

You collected 321 gold pieces.
You spent 184 gold pieces at shops.

Inventory:

Hand Weapons
 a - a +3 heavy broad axe (weapon)
 b - a +2 flail of freezing
Armour
 c - a +0 buckler (worn)
 f - a +0 plate armour (worn)
Wands
 i - a wand of flame (15)
 j - a wand of roots (7)
Scrolls
 d - a scroll of teleportation
 l - a scroll of noise
Potions
 e - a potion of degeneration
 g - a potion of heal wounds
 h - 2 potions of flight {unknown}
 k - 5 potions of curing
 m - a potion of lignification {unknown}
 n - a potion of brilliance {unknown}


   Skills:
 * Level 8.8 Fighting
 - Level 6.7(7.9) Axes
 - Level 6.5(7.9) Maces & Flails
 - Level 3.6 Armour
 - Level 3.6 Shields


You had 7 spell levels left.
You didn't know any spells.
Your spell library contained the following spells:

 Spells                   Type           Power      Damage    Failure   Level
 Sublimation of Blood     Necr           0%         N/A       100%        2
 Wereblood                Tmut           0%         N/A       100%        2
 Summon Hydra             Summ           0%         N/A       100%        7


Dungeon Overview and Level Annotations

Branches:
Dungeon (6/15) Zot: 26883  Temple (0/1) D:4           Sewer (visited)

Altars:
Ashenzari
Ru
Uskayaw
Jiyva

Shops:
D:3 (


Innate Abilities, Weirdness & Mutations

You have a pair of horns on your head.
You reflexively headbutt those who attack you in melee.
You possess an exceptional clarity of mind.
Your transparent skin significantly reduces your foes' accuracy. (Stealth+)


Message History

You kill the killer bee!
The killer bee stings you.
The killer bee stings you but does no damage. x2
The killer bee barely misses you.
The centaur shoots an arrow.
The arrow hits you. The centaur barely misses you. You furiously retaliate!
You headbutt the centaur. The centaur kicks you.
* * * LOW HITPOINT WARNING * * *
The killer bee stings you.
* * * LOW HITPOINT WARNING * * *
The killer bee stings you but does no damage.
The centaur hits you but does no damage.
The centaur kicks you but does no damage.
The killer bee stings you.
* * * LOW HITPOINT WARNING * * *
The killer bee barely misses you. You furiously retaliate!
You headbutt the killer bee.
The centaur unwields a +0 shortbow.
You block the centaur's attack. x2
You miss the killer bee. Your headbutt misses the killer bee.
The killer bee is moderately wounded.
You slice the centaur!!
You kill the centaur!
You hit the centaur but do no damage. You closely miss the killer bee.
The killer bee barely misses you.
The killer bee stings you but does no damage. x2
The killer bee completely misses you. The centaur barely misses you.
The centaur kicks you.
* * * LOW HITPOINT WARNING * * *
The killer bee stings you!
* * * LOW HITPOINT WARNING * * *
You are poisoned.
The killer bee poisons you! The killer bee stings you!
* * * LOW HITPOINT WARNING * * *
The centaur barely misses you. You furiously retaliate!
You headbutt the centaur!
The centaur kicks you but does no damage.
You block the killer bee's attack. The killer bee barely misses you.
You furiously retaliate!
You headbutt the killer bee.
The ice beast hits you but does no damage.
The centaur hits you.
You die...

#......##.....#
#......##.....##
#......''......#
#......##......####
#......####..#.#..
###+#......#
##[#.#.###
...........#
#?..#..).
......y†?..#
###..##..
......y@...#
#......
......Yc...#
#...)..
....!......#
######)
...........# #.
8...8......# ##
...........# .
..<...8.#### #
........#


You could see an ice beast, a centaur and 2 killer bees.

Vanquished Creatures
  Edmund (D:5)
  A sky beast (D:6)
  Pargi (Sewer)
  An ogre (D:4)
  A centaur (D:6)
  A phantom (D:5)
  A gnoll sergeant (D:5)
  A water moccasin zombie (D:5)
  A scorpion (D:4)
  A killer bee (D:6)
  2 bullfrog zombies (D:5)
  3 hounds
  A bullfrog skeleton (D:5)
  A scorpion zombie (D:5)
  Ijyb (D:4)
  2 iguanas (D:5)
  A hound zombie (D:5)
  A howler monkey zombie (D:5)
  8 gnolls
  A howler monkey skeleton (D:5)
  7 adders
  A worm (D:2)
  A dart slug (D:5)
  17 orcs
  9 ball pythons
  3 giant cockroaches
  3 goblins
  2 hobgoblins
  8 jackals
  4 kobolds
  9 quokkas
  7 bats
  A frilled lizard (D:2)
  7 rats
110 creatures vanquished.

Vanquished Creatures (collateral kills)
  A steam dragon (D:6)
  4 gnolls (D:6)
5 creatures vanquished.

Vanquished Creatures (others)
  A phantom (D:5)
  3 jellies (D:5)
  A bullfrog skeleton (D:5)
  A killer bee zombie (D:5)
  A dart slug (D:5)
  2 endoplasms
  3 orcs (D:3)
  A ball python (D:2)
  4 jackals
  2 bats
  2 goblins
  2 kobolds
  A rat (D:2)
24 creatures vanquished.

Grand Total: 139 creatures vanquished

Notes
Turn   | Place    | Note
-------+----------+-------------------------------------------
     0 | D:1      | NateTC the Minotaur Fighter began the quest for the Orb.
     0 | D:1      | Reached XP level 1. HP: 19/19 MP: 0/0
   128 | D:1      | Found a faded altar of an unknown god.
   153 | D:1      | Prayed at the altar of an unknown god.
   153 | D:1      | Became a worshipper of Jiyva Jotoecut the Shapeless
   153 | D:1      | Reached * piety under Jiyva
   260 | D:1      | Reached XP level 2. HP: 26/26 MP: 1/1
   524 | D:1      | Reached ** piety under Jiyva
  1156 | D:2      | Reached XP level 3. HP: 30/31 MP: 2/2
  1558 | D:3      | Reached *** piety under Jiyva
  1614 | D:3      | Found Yfaomyemm's Weapon Shop.
  1660 | D:3      | Reached skill level 5 in Maces & Flails
  1683 | D:3      | Reached XP level 4. HP: 39/39 MP: 3/3
  1721 | D:3      | Gained mutation: Your translucent skin slightly reduces
                  | your foes' accuracy. (Stealth+) [Jiyva's grace]
  1721 | D:3      | Gained mutation: Your translucent skin reduces your foes'
                  | accuracy. (Stealth+) [Jiyva's grace]
  1721 | D:3      | Gained mutation: Your transparent skin significantly
                  | reduces your foes' accuracy. (Stealth+) [Jiyva's grace]
  1721 | D:3      | Gained mutation: You possess an exceptional clarity of
                  | mind. [Jiyva's grace]
  1725 | D:3      | Identified the +9 falchion "Pauseuto" {flame, Int+3 SInv}
  2062 | D:3      | Found a faded altar of an unknown god.
  2062 | D:3      | Found a broken altar of Ashenzari.
  2069 | D:3      | Found a sacrificial altar of Ru.
  2071 | D:3      | Found a hide-covered altar of Uskayaw.
  2073 | D:3      | Found a faded altar of an unknown god.
  2204 | D:3      | Bought a +1 heavy broad axe for 184 gold pieces
  2231 | D:4      | Found a glowing drain.
  2242 | D:4      | Reached XP level 5. HP: 45/45 MP: 4/4
  2244 | Sewer    | Entered a sewer
  2319 | Sewer    | Noticed Pargi
  2322 | Sewer    | Killed Pargi
  2426 | D:4      | Reached **** piety under Jiyva
  2503 | D:4      | Reached XP level 6. HP: 51/51 MP: 5/5
  2559 | D:4      | Found a staircase to the Ecumenical Temple.
  2594 | D:4      | Noticed Ijyb
  2599 | D:4      | Killed Ijyb
  2600 | D:4      | Reached skill level 5 in Axes
  3108 | D:5      | Entered Level 5 of the Dungeon
  3142 | D:5      | Reached ***** piety under Jiyva
  3160 | D:5      | Reached XP level 7. HP: 51/57 MP: 6/6
  3225 | D:5      | Noticed Edmund
  3234 | D:5      | Reached skill level 4 in Fighting
  3239 | D:5      | Killed Edmund
  3240 | D:5      | Reached skill level 5 in Fighting
  3243 | D:5      | Reached skill level 6 in Fighting
  3445 | D:5      | Reached skill level 7 in Fighting
  3445 | D:5      | Reached XP level 8. HP: 73/73 MP: 7/7
  3613 | D:6      | Reached skill level 8 in Fighting
  3645 | D:6      | HP: 2/77 [killer bee (7)]
  3645 | D:6      | Slain by a centaur

Illustrated notes

Levels and vault maps discovered:
D:1:      dpeg_arrival_circle_labyrinth_c, layout_loops_ring,
          shapermc_ecumenical_altar_mp_ritualfount, nrook_mini_backslash
D:2:      layout_basic
D:3:      wad_woods_tower, layout_basic, chequers_temple_overflow_minitemple,
          serial_shops, nicolae_shop_just_a_little_nook
D:4:      layout_basic, minmay_temple_entry_offerings, portal_sewer_entry_a,
          uniq_ijyb
D:5:      layout_rooms, serial_undead, serial_undead_c, serial_undead_d,
          serial_undead_e, serial_undead_d, serial_undead_b, serial_undead_c,
          uniq_edmund
D:6:      layout_basic, grunt_ministairs_2

Skill      XL: |  1  2  3  4  5  6  7  8 |
---------------+-------------------------+-----
Maces & Flails | 3 4 5 6 |  6.5
Axes           | 3 6 |  6.7
Fighting       | 7 8 |  8.8
Armour         | |  3.6
Shields        | |  3.6

Action                     |  1- 3 |  4- 6 |  7- 9 || total
---------------------------+-------+-------+-------++-------
  Melee: Flail             |    99 |     6 |       ||   105
         Headbutt          |     8 |     9 |     6 ||    23
         Falchion          |       |    21 |       ||    21
         Broad axe         |       |    46 |    46 ||    92
    Use: Scroll            |     4 |     5 |     2 ||    11
         Potion            |       |       |     2 ||     2
 Armour: Plate armour      |    88 |    87 |    68 ||   243
         Scale mail        |     5 |       |       ||     5
  Dodge: Dodged            |    37 |    55 |    59 ||   151
  Block: Buckler           |    43 |    23 |    34 ||   100
